 Dungeon Crawl Stone Soup version 0.21.0 (webtiles) character file.

2870 Ivernyr the Thrower (level 9, -10/100 HPs)
             Began as an Ogre Hunter on Jan 6, 2018.
             Was a Believer of Okawaru.
             Mangled by a two-headed ogre
             ... wielding a +0 giant club
              (11 damage)
             ... on level 7 of the Dungeon.
             The game lasted 00:22:20 (9244 turns).

Ivernyr the Thrower (Ogre Hunter)                   Turns: 9244, Time: 00:22:21

Health: -10/100    AC:  4    Str: 20    XL:     9   Next: 76%
Magic:  9/9        EV: 10    Int: 14    God:    Okawaru [**....]
Gold:   372        SH:  0    Dex: 12    Spells: 8/8 levels left

rFire    . . .     SeeInvis .   a - +3 quarterstaff (chaos)
rCold    . . .     Gourm    .   (shield currently unavailable)
rNeg     . . .     Faith    .   b - +0 robe
rPois    .         Spirit   .   (helmet restricted)
rElec    .         Reflect  .   n - +0 cloak
rCorr    .         Harm     .   (gloves unavailable)
MR       .....                  (boots unavailable)
Stlth    +.........             (no amulet)
HPRegen  0.26/turn              j - +2 ring of intelligence
MPRegen  0.11/turn              y - +2 ring of strength

@: no status effects
A: large, unfitting armour, tough skin 1
a: Heroism, Renounce Religion


You were on level 7 of the Dungeon.
You worshipped Okawaru.
Okawaru was pleased with you.
You were very hungry.

You visited 2 branches of the dungeon, and saw 9 of its levels.

You collected 452 gold pieces.
You spent 80 gold pieces at shops.

Inventory:

Hand Weapons
 a - a +3 quarterstaff of chaos (weapon)
 p - a +0 halberd
Missiles
 c - 5 large rocks (quivered)
 d - 2 throwing nets
 i - 60 poisoned needles
Armour
 b - a +0 robe (worn)
 n - a +0 cloak (worn)
Jewellery
 j - a +2 ring of intelligence (left hand)
 y - a +2 ring of strength (right hand)
 D - an uncursed amulet of guardian spirit {unknown}
 H - an uncursed ring of flight {unknown}
Wands
 C - a wand of clouds (6)
 I - a wand of flame (27)
Scrolls
 e - 2 scrolls of magic mapping {unknown}
 g - 7 scrolls of identify {unknown}
 k - 7 scrolls of teleportation {unknown}
 l - 3 scrolls of remove curse {unknown}
 o - 3 scrolls of fog {unknown}
 q - 3 scrolls of immolation {unknown}
 r - a scroll of random uselessness {unknown}
 E - a scroll of blinking {unknown}
 G - a scroll of vulnerability {unknown}
Potions
 h - 5 potions of degeneration {unknown}
 m - 3 potions of heal wounds
 s - 2 potions of brilliance {unknown}
 t - 2 potions of haste {unknown}
 u - a potion of agility {unknown}
 w - 2 potions of resistance
 x - 2 potions of mutation
 z - a potion of cancellation {unknown}
 A - a potion of might {unknown}
 B - a potion of curing {unknown}
 F - a potion of flight {unknown}
Books
 v - a book of Air

   Spells                             Type                      Level
   a - Shock                          Conjuration/Air              1
   b - Swiftness                      Charms/Air                   2
   c - Static Discharge               Conjuration/Air              3
   d - Airstrike                      Air                          4
   e - Lightning Bolt                 Conjuration/Air              5
Comestibles
 f - 9 rations


   Skills:
 + Level 9.5 Fighting
 + Level 5.8 Polearms
 * Level 10.1 Throwing
 - Level 2.0 Dodging
 - Level 0.6 Stealth


You had 8 spell levels left.
You didn't know any spells.

Dungeon Overview and Level Annotations

Branches:
Dungeon (8/15)             Temple (1/1) D:5
   Lair: D:8-11

Altars:
Dithmenos
Elyvilon
Fedhas
Kikubaaqudgha
Okawaru
Sif Muna
Vehumet
Xom
Yredelemnul
Zin

Shops:
D:7 *

Annotations:
D:8 Maurice


Innate Abilities, Weirdness & Mutations

You are too large for most types of armour.
You have tough skin. (AC +1)


Message History

The two-headed ogre is moderately wounded.
The two-headed ogre closely misses you.
The two-headed ogre hits you with a giant spiked club!!
Throwing (i - inventory. (,) - cycle):
c - 7 large rocks (quivered)
Press: ? - help, Shift-Dir - straight line, f/p - two-headed ogre
Aim: a two-headed ogre, wielding a giant club and a giant spiked club (moderately wounded)
You throw a large rock.
The large rock closely misses the two-headed ogre.
The two-headed ogre hits you with a giant club!
The two-headed ogre hits you with a giant spiked club!
Throwing (i - inventory. (,) - cycle):
c - 6 large rocks (quivered)
Press: ? - help, Shift-Dir - straight line, f/p - two-headed ogre
Aim: a two-headed ogre, wielding a giant club and a giant spiked club (moderately wounded)
You throw a large rock.
The large rock hits the two-headed ogre!!!
The two-headed ogre is almost dead.
The two-headed ogre hits you with a giant club!!
* * * LOW HITPOINT WARNING * * *
The two-headed ogre hits you with a giant spiked club!
You die...

## ####
.########..###########
#######
..##..........(......#
#.....###
####...........O.....#
#........ #
#............@....#
#........ #
##.................#
#........
###..................#
#........
.##....##...........##
#........
....######........###
#........ .####
####..#### #........
## ##..## #........ #
##..## #........ ##..#
#^......#


You could see a two-headed ogre.

Vanquished Creatures
  The ghost of marsu the Poker, an amateur FoAK of Lugonu (D:4)
  Menkaure (D:4)
  A water moccasin (D:7)
  3 orc warriors
  A sky beast (D:6)
  An ogre (D:6)
  4 centaurs
  2 bullfrogs (D:6)
  2 scorpions (D:4)
  7 wights (D:6)
  3 howler monkeys (D:8)
  2 crimson imps
  2 hounds
  2 jellies
  Crazy Yiuf (D:2)
  4 orc priests
  2 iguanas
  5 orc wizards
  2 worker ants
  A killer bee zombie (D:7)
  A hound skeleton (D:8)
  Robin (D:4)
  14 gnolls
  5 adders
  A shadow imp (D:8)
  An adder zombie (D:6)
  An adder skeleton (D:4)
  3 worms
  3 dart slugs
  8 leopard geckos
  18 orcs
  9 giant cockroaches
  44 goblins
  29 hobgoblins
  9 jackals (D:5)
  3 quokkas
  2 ball pythons
  12 bats
  8 frilled lizards
  11 kobolds
  A leopard gecko skeleton (D:6)
  7 rats
238 creatures vanquished.

Vanquished Creatures (others)
  An orc (D:3)
  A goblin (D:4)
2 creatures vanquished.

Grand Total: 240 creatures vanquished

Notes
Turn   | Place    | Note
-------+----------+-------------------------------------------
     0 | D:1      | Ivernyr the Ogre Hunter began the quest for the Orb.
     0 | D:1      | Reached XP level 1. HP: 22/22 MP: 1/1
   369 | D:1      | Reached XP level 2. HP: 29/29 MP: 2/2
   927 | D:2      | Reached XP level 3. HP: 15/37 MP: 3/3
  1479 | D:2      | Found a runed door.
  1483 | D:2      | Noticed Crazy Yiuf
  1488 | D:2      | Killed Crazy Yiuf
  1488 | D:2      | Reached XP level 4. HP: 19/48 MP: 0/4
  1981 | D:2      | Reached skill level 5 in Throwing
  1990 | D:2      | Reached skill level 5 in Fighting
  1990 | D:2      | Reached XP level 5. HP: 41/57 MP: 5/5
  2829 | D:3      | Reached XP level 6. HP: 53/66 MP: 6/6
  3100 | D:3      | Reached skill level 1 in Polearms
  3287 | D:4      | Noticed Robin
  3328 | D:4      | Killed Robin
  3917 | D:4      | Reached skill level 6 in Throwing
  3962 | D:4      | Noticed marsu's ghost (amateur FoAK)
  3987 | D:4      | Killed marsu's ghost
  3987 | D:4      | Reached XP level 7. HP: 43/76 MP: 7/7
  4193 | D:4      | Noticed Menkaure
  4198 | D:4      | Killed Menkaure
  4198 | D:4      | Reached skill level 7 in Throwing
  5172 | D:4      | Reached XP level 8. HP: 72/87 MP: 8/8
  6269 | D:5      | Entered Level 5 of the Dungeon
  6836 | D:5      | Found a staircase to the Ecumenical Temple.
  6842 | Temple   | Entered the Ecumenical Temple
  6859 | Temple   | Became a worshipper of Warmaster Okawaru
  6993 | D:6      | Reached skill level 8 in Throwing
  7263 | D:6      | You fall through a shaft!
  7320 | D:7      | Reached * piety under Okawaru
  7444 | D:6      | Reached XP level 9. HP: 76/97 MP: 9/9
  7575 | D:6      | Reached skill level 9 in Throwing
  7713 | D:6      | Reached skill level 5 in Polearms
  7901 | D:6      | Found a radiant altar of Vehumet.
  7935 | D:6      | Reached ** piety under Okawaru
  8162 | D:7      | Found a white marble altar of Elyvilon.
  8520 | D:7      | Found Houxeh's General Store.
  8554 | D:7      | Bought a potion of mutation for 80 gold pieces
  9201 | D:8      | Reached skill level 10 in Throwing
  9214 | D:8      | Noticed a two-headed ogre
  9216 | D:8      | Noticed Maurice
  9244 | D:7      | HP: 1/100 [two-headed ogre/giant club (33)]
  9244 | D:7      | Mangled by a two-headed ogre

Skill      XL: |  1  2  3  4  5  6  7  8  9 |
---------------+----------------------------+-----
Dodging        | 2 |  2.0
Fighting       | 3 4 5 6 7 8 9 |  9.5
Throwing       | 5 6 7 8 10 | 10.1
Polearms       | 2 3 4 5 |  5.8
Stealth        | |  0.6

Action                   |  1- 3 |  4- 6 |  7- 9 || total
-------------------------+-------+-------+-------++-------
Melee: Short sword       |   142 |       |       ||   142
       Quarterstaff      |       |   178 |   297 ||   475
Throw: Large rock        |     5 |    13 |    35 ||    53
  Use: Potion            |       |     1 |       ||     1
 Stab: Sleeping          |     1 |       |       ||     1
       Paralysed         |       |     1 |     1 ||     2
       Petrifying        |       |       |     1 ||     1
  Eat: Chunk             |     2 |     8 |    16 ||    26
Armor: Robe              |    44 |    78 |    86 ||   208
Dodge: Dodged            |   106 |   144 |   173 ||   423
